 Dungeon Crawl Stone Soup version 0.30-a0-373-gd37427bb62 (webtiles) character file.

Game seed: 11763889942624112815

497 pokeman the Magician (level 6, -9/34 HPs)
             Began as a Deep Elf Hedge Wizard on Nov 24, 2022.
             Was an Initiate of Vehumet.
             Mangled by Menkaure (17 damage)
             ... on level 4 of the Dungeon.
             The game lasted 00:06:56 (4140 turns).

pokeman the Magician (Deep Elf Hedge Wizard)        Turns: 4140, Time: 00:06:57

Health: -9/34      AC:  4    Str:  7    XL:     6   Next: 93%
Magic:  13/18      EV: 12    Int: 21    God:    Vehumet [......]
Gold:   162        SH:  0    Dex: 14    Spells: 12/20 levels left

rFire   . . .      SeeInvis .    p - +5 dagger (speed)
rCold   . . .      Faith    .    (no shield)
rNeg    . . .      Spirit   .    e - +0 leather armour
rPois   .          Reflect  .    q - +0 helmet
rElec   .          Harm     .    (no cloak)
rCorr   .          Rampage  .    (no gloves)
Will    .....                    (no boots)
Stlth   ++........               (no amulet)
HPRegen 0.25/turn                (no ring)
MPRegen 0.16/turn                (no ring)

@: very slightly contaminated
A: no striking features
a: Renounce Religion


You were on level 4 of the Dungeon.
You worshipped Vehumet.
Vehumet was noncommittal.
You visited 2 branches of the dungeon, and saw 6 of its levels.

You collected 162 gold pieces.

Inventory:

Hand Weapons
 p - a +5 dagger of speed (weapon)
Armour
 c - a +0 hat
 e - a +0 leather armour (worn)
 h - a +0 tower shield
 q - a +0 helmet (worn)
Magical Staves
 y - a staff of poison
Wands
 u - a wand of charming (10)
Scrolls
 b - 5 scrolls of identify {unknown}
 f - 2 scrolls of fear {unknown}
 g - 2 scrolls of poison {unknown}
 l - 2 scrolls of teleportation {unknown}
 m - a scroll of immolation {unknown}
 n - a scroll of vulnerability {unknown}
 t - a scroll of enchant weapon {unknown}
 v - a scroll of fog {unknown}
 z - a scroll of enchant armour {unknown}
Potions
 a - a potion of degeneration {unknown}
 d - a potion of magic
 i - a potion of haste
 j - a potion of berserk rage {unknown}
 k - 3 potions of heal wounds {unknown}
 o - a potion of might {unknown}
 r - a potion of cancellation {unknown}
 s - 2 potions of ambrosia {unknown}
 w - a potion of curing {unknown}
 x - a potion of brilliance {unknown}
 A - a potion of resistance {unknown}
 B - a potion of attraction {unknown}


   Skills:
 - Level 1.0 Fighting
 - Level 1.0 Armour
 - Level 4.1 Dodging
 - Level 3.0 Stealth
 - Level 1.1 Shields
 * Level 7.6 Spellcasting
 + Level 3.5 Conjurations
 - Level 1.1 Summonings
 - Level 1.1 Translocations
 + Level 0.0 Air Magic
 + Level 0.7 Poison Magic
 - Level 1.0 Evocations


You had 12 spell levels left.
You knew the following spells:

 Your Spells              Type           Power      Damage    Failure   Level
a - Magic Dart            Conj           88%        1d7       3%          1
b - Mephitic Cloud        Conj/Pois/Air  14%        N/A       21%         3
c - Call Imp              Summ           12%        N/A       12%         2
d - Blink                 Tloc           24%        N/A       12%         2

Your spell library contained the following spells:

 Spells                   Type           Power      Damage    Failure   Level
 Slow                     Hex            32%        N/A       12%         1
 Cigotuvi's Dreadful Rot  Necr/Pois/Air  18%        N/A       17%         2
 Gell's Gravitas          Tloc           12%        N/A       22%         3
 Lesser Beckoning         Tloc           24%        N/A       22%         3
 Teleport Other           Tloc           12%        N/A       22%         3


Dungeon Overview and Level Annotations

Branches:
Dungeon (5/15)             Temple (1/1) D:5

Altars:
Ashenzari
Dithmenos
Elyvilon
Gozag
Kikubaaqudgha
Okawaru
Qazlal
Ru
Sif Muna
Uskayaw
Vehumet
Wu Jian
Yredelemnul
Zin
The Shining One

Annotations:
D:4 Grinder, Menkaure, Sigmund


Message History

You are very lightly contaminated with residual magic.
Nothing appears to happen.
Casting: Magic Dart (safe; 3% risk of failure)
Confirm with . or Enter, or press ? or * to list all spells.
Aiming: Magic Dart (safe; 3% risk of failure)
Press: ? - help, Shift-Dir - straight line, f/p - Menkaure
Aim: Menkaure (lightly damaged, 100% to hit)
The magic dart hits Menkaure!
Menkaure is moderately damaged.
Menkaure gestures wildly while chanting.
Menkaure seems to speed up.
Casting: Magic Dart (safe; 3% risk of failure)
Confirm with . or Enter, or press ? or * to list all spells.
Aiming: Magic Dart (safe; 3% risk of failure)
Press: ? - help, Shift-Dir - straight line, f/p - Menkaure
Aim: Menkaure (moderately damaged, fast, 100% to hit)
You miscast Magic Dart.
Nothing appears to happen.
Casting: Magic Dart (safe; 3% risk of failure)
Confirm with . or Enter, or press ? or * to list all spells.
Aiming: Magic Dart (safe; 3% risk of failure)
Press: ? - help, Shift-Dir - straight line, f/p - Menkaure
Aim: Menkaure (moderately damaged, fast, 100% to hit)
The magic dart hits Menkaure but does no damage.
Menkaure is moderately damaged.
Menkaure calls on the powers of darkness!
Your body is wracked with pain!
Casting: Magic Dart (safe; 3% risk of failure)
Confirm with . or Enter, or press ? or * to list all spells.
Aiming: Magic Dart (safe; 3% risk of failure)
Press: ? - help, Shift-Dir - straight line, f/p - Menkaure
Aim: Menkaure (moderately damaged, fast, 100% to hit)
The magic dart hits Menkaure.
Menkaure is heavily damaged.
Menkaure points at you and mumbles some strange words.
Pain shoots through your body!
* * * LOW HITPOINT WARNING * * *
Menkaure gestures ominously.
Menkaure hits you!
Ouch! That really hurt!
You die...

................. ...
#..#.#.............
..##..####.#.......##.
.....# ...
...@##....######...
.....#.............
#..!..............###
#...................#
#.........M@........# ##
#..................## ...
#...................# ...##
#...................#
.....###..................=
........(..................
........#..####............
........#..###.............
........#.........###......


You could see Menkaure (fast).

Vanquished Creatures
  A black bear (D:4)
  An ogre (D:4)
  A phantom (D:4)
  A necrophage (D:5)
  An iguana (D:4)
  Robin (D:2)
  3 gnolls (D:2)
  3 adders (D:2)
  3 dart slugs
  An orc (D:3)
  8 endoplasms
  2 giant cockroaches
  16 goblins
  11 hobgoblins
  7 jackals
  5 kobolds
  2 quokkas
  2 ball pythons
  4 bats
  3 frilled lizards
  6 rats
82 creatures vanquished.

Notes
Turn   | Place    | Note
-------+----------+-------------------------------------------
     0 | D:1      | pokeman the Deep Elf Hedge Wizard began the quest for the
                  | Orb.
     0 | D:1      | Reached XP level 1. HP: 10/10 MP: 7/7
   344 | D:1      | Reached XP level 2. HP: 16/16 MP: 7/9
   717 | D:1      | Reached skill level 5 in Spellcasting
   901 | D:1      | Reached XP level 3. HP: 20/20 MP: 5/11
   910 | D:1      | Learned a level 3 spell: Mephitic Cloud
   913 | D:1      | Learned a level 2 spell: Call Imp
   916 | D:1      | Learned a level 2 spell: Blink
  1421 | D:2      | Reached skill level 1 in Fighting
  1429 | D:2      | Reached skill level 1 in Armour
  1611 | D:2      | Noticed Robin
  1663 | D:2      | Reached XP level 4. HP: 25/25 MP: 4/13
  2122 | D:1      | Reached skill level 6 in Spellcasting
  2307 | D:2      | Killed Robin
  2308 | D:2      | Reached XP level 5. HP: 29/29 MP: 1/15
  2622 | D:3      | You fall into a shaft and drop 2 floors!
  2622 | D:5      | Entered Level 5 of the Dungeon
  2640 | D:5      | Found a staircase to the Ecumenical Temple.
  2649 | Temple   | Entered the Ecumenical Temple
  2727 | Temple   | Became a worshipper of Vehumet
  2874 | D:4      | Noticed a phantom
  2886 | D:4      | Killed a phantom
  2887 | D:4      | Reached skill level 1 in Shields
  2887 | D:4      | Reached XP level 6. HP: 6/34 MP: 4/17
  3165 | D:4      | Noticed Sigmund
  3196 | D:4      | Reached skill level 7 in Spellcasting
  3196 | D:4      | Reached skill level 1 in Evocations
  4077 | D:4      | Noticed Grinder
  4133 | D:4      | Noticed Menkaure
  4140 | D:4      | Mangled by Menkaure

Illustrated notes

Levels and vault maps discovered:
D:1:      eino_arrival_tree_alley, layout_basic
D:2:      layout_rooms, uniq_robin
D:3:      layout_basic, minmay_starry_boxes
D:4:      layout_cave_pools, lightli_temple_of_fire, kennysheep_little_box,
          uniq_grinder, uniq_sigmund, uniq_menkaure
D:5:      layout_rooms, fedhas_altar_decomposition, minmay_temple_entry_grid,
          nrook_mini_vaults, mrwooster_statue_mirror, minmay_manual_mares,
          uniq_ijyb
Temple:   nicolae_temple_elliptical

Skill      XL: |  1  2  3  4  5  6 |
---------------+-------------------+-----
Spellcasting   | 5 6 7 |  7.6
Fighting       | 1 |  1.0
Armour         | 1 |  1.0
Conjurations   | 2 3 |  3.5
Stealth        | 3 |  3.0
Dodging        | 3 4 |  4.1
Shields        | 1 |  1.1
Evocations     | 1 |  1.0
Summonings     | |  1.1
Translocations | |  1.1
Poison Magic   | |  0.7

Action                   |  1- 3 |  4- 6 || total
-------------------------+-------+-------++-------
Melee: Dagger            |       |    16 ||    16
       Punch             |       |     1 ||     1
 Cast: Magic Dart        |   114 |   119 ||   233
       Mephitic Cloud    |       |     6 ||     6
       Blink             |       |     1 ||     1
 Stab: Confused          |       |     2 ||     2
Armor: Robe              |     1 |       ||     1
       Leather armour    |     1 |     8 ||     9
Dodge: Dodged            |    14 |    14 ||    28

Table legend: (Time is in decaauts)
 A = Elapsed time spent in this place.
 B = Non-inter-level travel time spent in this place.
 C = Inter-level travel time spent in this place.
 D = Time resting spent in this place.
 E = Time spent auto-exploring this place.
 F = Levels seen in this place.
 G = Mean time per level.
                   A        B        C        D        E       F      G
               +--------+--------+--------+--------+--------+-----+--------+
         Total |   4139 |   4024 |    115 |    333 |   3112 |   6 |  689.8 |
       Dungeon |   4046 |   3944 |    102 |    333 |   3050 |   5 |  809.2 |
        Temple |     92 |     79 |     13 |      0 |     62 |   1 |   92.0 |
               +--------+--------+--------+--------+--------+-----+--------+

Top non-repeatable levels by time:
     D:1: 1523 daAuts
     D:3: 1040 daAuts
     D:2: 942 daAuts
     D:4: 409 daAuts
     D:5: 131 daAuts
  Temple: 92 daAuts
